Map: The Vermillion Problem

Players

NamroodTuo

  • Race: Zerg Zerg

Narugh

  • Race: Terran Terran

VOD

Have the link to the VOD?

Description

Time

  • Played on: Feb. 24, 2023, 9:30 a.m.
  • Length: 35:03
Show
View Real Time Build Order
Export as new Build Order

NamroodTuo Zerg 

Build Orders:  

Get SALT Encoding   

  12  0:05  Infested SCV  
  13  0:18  Infested SCV  
  14  0:25  Overlord  
  14  0:33  Infested SCV  
  15  0:41  Overlord  
  15  0:53  Infested Refinery  
  15  0:56  Infested SCV  
  16  1:06  Infested SCV  
  17  1:15  Infested Refinery  
  17  1:29  Infested Barracks  
  17  1:36  Infested SCV  
  18  1:40  Infested SCV  
  19  1:51  Infested Engineering Bay  
  19  1:53  Infested SCV  
  20  2:10  Infested SCV  
  21  2:28  Infested SCV  
  22  2:45  Infested Factory  
  22  2:48  Infested SCV  
  23  2:58  Overlord  
  23  3:09  Infested Barracks Tech Lab  
  23  3:14  Infested SCV  
  24  3:29  Infested SCV  
  25  3:41  Retinal Augmentation  
  25  4:03  Infested SCV x2  
  27  4:29  Infested Factory Tech Lab  
  27  4:41  Plagued Munitions  
  27  4:47  Infested Bunker  
  31  6:07  Infested Factory  
  31  6:15  Infested Bunker  
  35  6:27  Overlord, Infested SCV  
  35  6:28  Overlord x2  
  35  6:29  Infested SCV  
  37  6:32  Regenerative Plating  
  36  6:49  Infested Marine  
  37  6:50  Infested Marine x2  
  37  6:53  Infested Marine x2  
  37  6:54  Infested Marine  
  42  7:06  Infested Missile Turret  
  42  7:21  Infested Factory  
  42  7:24  Infested SCV x3  
  45  7:32  Stukov Infantry Weapons Level 1  
  45  7:39  Infested Missile Turret x2  
  45  7:48  Infested Marine  
  45  7:49  Infested Marine x13  
  59  7:52  Overlord  
  59  7:53  Overlord  
  51  8:32  Infested Marine  
  51  8:33  Infested Marine x14  
  60  8:58  Infested Factory Tech Lab  
  59  9:04  Infested Siege Tank x4  
  59  9:06  Infested Siege Tank  
  74  9:10  Overlord  
  54  10:12  Stukov Infantry Armor Level 1, Infested Armory  
  54  10:23  Infested Siege Tank  
  54  10:24  Infested Siege Tank x4  
  68  11:07  Infested Missile Turret  
  72  11:35  Overlord x2  
  72  11:36  Overlord  
  72  11:37  Infested Bunker  
  72  12:36  Infested Command Center  
  76  12:52  Infested Bunker  
  76  13:53  Stukov Vehicle and Ship Armor Level 1  
  76  13:55  Calcified Armor  
  76  14:14  Infested Refinery  
  76  14:18  Infested Bunker  
  80  14:23  Infested SCV  
  80  14:26  Infested SCV  
  82  14:55  Stukov Infantry Weapons Level 2  
  82  15:39  Saturated Cultures  
  82  15:42  Automated Mitosis  
  82  15:52  Infested SCV x4  
  82  15:53  Infested SCV  
  87  16:02  Infested Refinery  
  87  16:19  Infested Siege Tank  
  90  16:20  Infested Siege Tank x3  
  99  16:33  Stukov Vehicle and Ship Weapons Level 1  
  99  16:39  Caustic Mucus  
  90  16:42  Acidic Enzymes  
  90  18:04  Infested SCV x2  
  90  18:05  Stukov Infantry Armor Level 2, Infested SCV x3  
  95  18:13  Infested Starport  
  95  18:20  Infested SCV x5  
  100  18:50  Infested Siege Tank x3  
  100  18:51  Infested Siege Tank x4  
  100  18:52  Infested Siege Tank  
  124  19:13  Stukov Vehicle and Ship Armor Level 2  
  123  20:12  Infested Starport Tech Lab  
  123  20:25  Infested Starport  
  123  20:58  Infested Liberator  
  125  21:58  Infested SCV  
  126  22:02  Overlord x4  
  126  22:03  Overlord  
  126  22:06  Overlord x3  
  126  22:07  Overlord  
  126  22:23  Stukov Vehicle and Ship Weapons Level 2  
  120  23:47  Infested Liberator x2  
  120  23:48  Infested Liberator x3, Infested Starport Tech Lab  
  135  24:39  Infested Starport, Infested Starport Tech Lab  
  135  24:42  Infested Liberator x5  
  135  24:43  Infested Liberator x2  
  149  25:38  Stukov Infantry Weapons Level 3  
  149  25:40  Stukov Vehicle and Ship Weapons Level 3  
  137  29:17  Stukov Infantry Armor Level 3  
  130  29:20  Stukov Vehicle and Ship Armor Level 3  
  55  33:37  Unknown x3  
  49  33:40  Unknown x2  
  49  33:47  Unknown  
  46  33:54  Unknown  
  43  34:01  Unknown  
Show
View Real Time Build Order
Export as new Build Order

Narugh Terran 

Build Orders:  

Get SALT Encoding   

  12  0:03  SCV  
  13  0:20  SCV  
  14  0:37  SCV, Refinery  
  15  0:54  SCV  
  16  1:04  Refinery  
  16  1:11  SCV  
  17  1:28  SCV  
  18  1:45  SCV  
  19  1:57  Engineering Bay  
  19  2:02  SCV  
  20  2:19  SCV  
  21  2:23  Gunslingers Hideout  
  21  2:34  Engineering Bay  
  21  2:36  SCV  
  22  3:01  Tychus  
  22  3:03  Outlaw Weapons Level 1  
  22  3:09  Fixers Safehouse  
  22  3:30  SCV  
  23  3:47  SCV  
  24  4:04  SCV  
  25  4:21  SCV  
  26  4:38  SCV  
  27  5:35  Outlaw Weapons Level 2  
  27  5:37  Outlaw Life and Armor Level 1  
  27  5:50  Lt Layna Nikara  
  37  7:32  Muscle Armory  
  37  8:49  Outlaw Weapons Level 3  
  37  8:52  Outlaw Life and Armor Level 2  
  37  9:03  Command Center  
  37  9:47  SCV  
  38  10:04  SCV  
  39  10:11  Medivac Platform  
  39  10:26  Kev Rattlesnake West  
  46  10:49  SCV  
  47  11:06  SCV  
  48  11:10  SCV  
  48  11:17  Refinery  
  49  11:23  SCV  
  49  11:27  SCV  
  51  11:44  SCV  
  52  12:01  SCV  
  53  12:18  SCV  
  54  12:22  Outlaw Life and Armor Level 3  
  54  12:24  Flashforce GDM Visor  
  54  12:35  SCV  
  54  12:36  Refinery  
  55  12:52  SCV  
  56  13:01  Kel-Morian Ripper Rounds  
  56  13:08  SCV  
  57  13:25  SCV  
  58  13:42  SCV  
  59  13:57  Auto-Turret  
  59  13:59  SCV  
  60  14:16  SCV  
  61  14:25  Auto-Turret  
  61  14:33  SCV  
  62  14:50  SCV  
  62  14:53  Auto-Turret  
  63  15:08  Procyon Serum  
  63  15:13  Moebius Aggression Blend  
  63  15:22  Auto-Turret  
  63  15:23  SCV  
  64  15:40  SCV  
  65  15:57  SCV  
  66  16:14  SCV  
  67  16:31  SCV, Crooked Sam  
  78  16:48  SCV  
  59  17:30  Auto-Turret  
  59  17:35  SCV  
  70  17:51  SCV  
  70  17:58  Auto-Turret  
  71  18:00  Umojan Repair Nanites  
  81  19:30  Procyon Twin Heal Beam Gauntlet  
  81  19:34  Moebius Restraint Matrix  
  81  19:35  Vanadium Shell  
  81  21:06  KD9a Implosion Core  
  81  21:11  Umojan Signal Modulator  
  81  21:13  Secret Stash Stimpack  
  70  25:54  LarsCorp G7 Charges  
  70  25:55  Procyon Shade Suit  
  80  26:22  SCV  
  81  26:39  SCV  
  81  28:57  Nux  
  78  30:31  SCV  
  79  30:48  SCV  
  80  31:05  SCV  
Tags
 
Add a new tag
Caveats
  • Supply blocks, unpowered buildings, or Contaminate may cause inaccurate times.
  • Supply counts are checked every 10 seconds.